 Dungeon Crawl Stone Soup version 0.22-a0-580-gd5db89c (webtiles) character file.

14 iamserjio the Skirmisher (level 2, -5/26 HPs)
             Began as a Draconian Monk on July 3, 2018.
             Killed from afar by Natasha (9 damage)
             ... with a magic dart
             ... on level 2 of the Dungeon.
             The game lasted 00:01:22 (220 turns).

iamserjio the Skirmisher (Draconian Monk)            Turns: 220, Time: 00:01:22

Health: -5/26      AC:  4    Str: 13    XL:     2   Next: 31%
Magic:  2/2        EV: 18    Int: 10    God:
Gold:   12         SH:  0    Dex: 18    Spells: 1/1 levels left

rFire    . . .     SeeInvis .     - Unarmed
rCold    . . .     Gourm    .   (no shield)
rNeg     . . .     Faith    .   (armour unavailable)
rPois    .         Spirit   .   (helmet restricted)
rElec    .         Reflect  .   (no cloak)
rCorr    .         Harm     .   (no gloves)
MR       .....                  (no boots)
Stlth    +++.......             (no amulet)
HPRegen  0.08/turn              (no ring)
MPRegen  0.08/turn              (no ring)

@: agile
A: unfitting armour, cold-blooded, AC +4
a: no special abilities


You were on level 2 of the Dungeon.
You were not hungry.

You visited 1 branch of the dungeon, and saw 2 of its levels.

You collected 12 gold pieces.

Inventory:

Scrolls
 b - a scroll of enchant weapon {unknown}
 c - a scroll of immolation {unknown}
 d - 3 scrolls of identify {unknown}
Comestibles
 a - 3 rations


   Skills:
 + Level 3.5 Fighting
 + Level 2.9 Dodging
 - Level 1.7 Stealth
 * Level 3.4 Unarmed Combat


You had one spell level left.
You didn't know any spells.
Your spell library was empty.

Dungeon Overview and Level Annotations

Branches:
Dungeon (2/15)

Altars:
Zin

Annotations:
D:2 Natasha


Innate Abilities, Weirdness & Mutations

Your plain brown scales are hard. (AC +4)
You cannot fit into any form of body armour.
You are cold-blooded and may be slowed by cold attacks.


Message History

You closely miss the goblin. The goblin barely misses you.
The crimson imp closely misses you.
You hit the goblin.
You kill the goblin!
The crimson imp shouts, "Return whence thou came, thou baffled nut-hook bugbear!"
The crimson imp hits you.
It was a potion of agility.
You feel agile all of a sudden. Natasha claws you!
* * * LOW HITPOINT WARNING * * *
The crimson imp closely misses you.
You closely miss Natasha. You tail-slap Natasha.
Natasha is lightly wounded.
Natasha misses you.
You hit Natasha. You tail-slap Natasha. Your punch misses Natasha.
Natasha is almost dead.
The crimson imp barely misses you. Natasha casts a spell at you.
The magic dart hits you!
You die...

#.......... #.#........#
##.........###.#........#
......._.........##(###.#
##.##....?. #.###.#.##.#
.. ......#.h####.#
#......## #............#
###.....# #.##.##.....##
#####.# # #####h# #.#
####@#### #.# #....5..#
#.# #.......# #.#
#.......# #.# #.......#
####.### #.......#
#......#
##.##.......####.##.#.#
#...........##.#.##.#.#
...#.##.#.###.......#.#


You could see Natasha and a crimson imp.

Vanquished Creatures
  A leopard gecko (D:2)
  A ball python (D:2)
  A bat (D:1)
  A goblin (D:2)
  2 hobgoblins (D:2)
  3 kobolds
  A frilled lizard (D:2)
  A rat (D:1)
11 creatures vanquished.

Notes
Turn   | Place    | Note
-------+----------+-------------------------------------------
     0 | D:1      | iamserjio the Draconian Monk began the quest for the Orb.
     0 | D:1      | Reached XP level 1. HP: 19/19 MP: 1/1
   119 | D:2      | Reached XP level 2. HP: 26/26 MP: 2/2
   190 | D:2      | Found a glowing silver altar of Zin.
   190 | D:2      | Noticed Natasha
   202 | D:2      | Noticed a crimson imp
   220 | D:2      | Killed from afar by Natasha

Vault maps used:
D:1:      saegor_arrival_miasma
D:2:      grunt_temple_overflow_open, uniq_natasha

Action                   || total
-------------------------++-------
Melee: Unarmed           ||    45
       Tailslap          ||     6
       Punch             ||     1
  Use: Potion            ||     1
 Stab: Sleeping          ||     1
Armor: Skin              ||    13
Dodge: Dodged            ||    38

Table legend:
 A = Spawn XP
 B = Non-spawn XP
 C = Spawn XP percentage of total XP
 D = Spawn monster count
 E = Non-spawn monster count
 F = Spawn count percentage of total count
 G = Total turns spent on level
                    A         B        C        D         E        F      G
               +---------+---------+-------+---------+---------+-------+---------
         Total |       0 |      21 |   0.0 |       0 |      11 |   0.0 |   220
               +---------+---------+-------+---------+---------+-------+---------
           D:1 |       0 |       5 |   0.0 |       0 |       3 |   0.0 |   102
           D:2 |       0 |      16 |   0.0 |       0 |       8 |   0.0 |   118
               +---------+---------+-------+---------+---------+-------+---------
